Cogmind - Beta 17.1 @@@ ROGUE MODE // 2026.08.26 @ 20:48:45 Player: SnailSD Result: Destroyed by S-10 Pest with Light Assault Rifle Performance ------------- Evolutions (1) 500 Regions Visited (4) 800 Robots Destroyed (51) 255 Value Destroyed (1151) 1151 Prototype IDs (3) 60 Alien Tech Used (0) 0 Bonus (6500) 6500 TOTAL SCORE: 9266 Bonus ------- Prayed to X0-1V1 5000 Major X0-1V1 Interference 1500 Cogmind --------- Core Integrity 0/300 Matter 300/300 Energy 1100/1100 System Corruption 0% Temperature Cool (0) Movement Core (50) Location -9/Storage Parts ------- > --- POWER (1) -------- (None) > --- PROPULSION (2) --- (None) > --- UTILITY (2) ------ X0-1V1's Piety Tracker > --- WEAPON (4) ------- (None) > --- INVENTORY (5) ---- Heat Sink Heat Sink Seismic Detector Peak State ------------ > --- POWER ------------ Improved Ion Engine > --- PROPULSION ------- Light Treads Light Treads > --- UTILITY ---------- Large Storage Unit X0-1V1's Piety Tracker > --- WEAPON ----------- Improved Medium Laser Improved Medium Laser Improved Medium Laser Improved Medium Laser > --- INVENTORY -------- Improved Ion Engine Improved Ion Engine Improved Ion Engine Light Treads Light Treads Light Treads Compact Wheel Compact Wheel Compact Wheel Large Matter Pod Structural Scanner Seismic Detector Grenade Launcher [Rating: 31] Favorites ----------- Power Improved Ion Engine Engine Improved Ion Engine Propulsion Light Treads Treads Light Treads Utility Large Storage Unit Device X0-1V1's Piety Tracker Storage Large Storage Unit Processor Terrain Scan Processor Weapon Improved Medium Laser Energy Gun Improved Medium Laser Ballistic Gun Assault Rifle Launcher Grenade Launcher Build | -11 -10 -10 -9 -9 ------- Run | Yrd Mat Min Mat Sto Slots Evolved 2 | . . . 2 . Power . | . . . . . Propulsion . | . . . . . Utility . | . . . . . Weapon 2 | . . . 2 . Parts Attached 28 | 7 6 . 10 5 Power 4 | 1 1 . 1 1 Engine 4 | 1 1 . 1 1 Core . | . . . . . Reactor . | . . . . . Propulsion 6 | 2 . . 2 2 Treads 6 | 2 . . 2 2 Leg . | . . . . . Wheel . | . . . . . Hover . | . . . . . Flight . | . . . . . Utility 6 | 2 4 . . . Device 3 | 1 2 . . . Storage 2 | 1 1 . . . Processor 1 | . 1 . . . Hackware . | . . . . . Protection . | . . . . . Artifact . | . . . . . Weapon 12 | 2 1 . 7 2 Energy Gun 7 | 1 . . 5 1 Energy Cannon . | . . . . . Ballistic Gun 4 | 1 . . 2 1 Ballistic Cannon . | . . . . . Launcher 1 | . 1 . . . Special Weapon . | . . . . . Impact Weapon . | . . . . . Slashing Weapon . | . . . . . Piercing Weapon . | . . . . . Special Melee Weapon . | . . . . . Unidentified Prototypes 1 | . 1 . . . Parts Lost 15 | . . . 2 13 Power 2 | . . . . 2 Propulsion 4 | . . . . 4 Utility 1 | . . . . 1 Weapon 8 | . . . 2 6 Highest Loss Streak 8 | . . . 1 8 To Critical Strikes . | . . . . . Average Backups 12 | 5 11 15 14 13 Power 2 | . 2 3 2 1 Propulsion 5 | 3 6 6 6 5 Utility 3 | . 2 3 3 5 Weapon 1 | . 1 3 1 . Tool/Special . | . . . . . Unused Backups 25 | 4 5 . 7 9 Power 4 | 1 1 . 1 1 Propulsion 14 | 2 3 . 6 3 Utility 7 | 1 1 . . 5 Weapon . | . . . . . Tool/Special . | . . . . . Average Slot Usage (%) 94 | . 99 100 95 78 Engine 12 | . 14 14 11 9 Treads 24 | . 28 28 22 18 Device 12 | . 13 14 11 11 Storage 12 | . 14 14 11 11 Energy Gun 20 | . 14 14 29 24 Ballistic Gun 10 | . 14 14 9 2 Peak Build Rating 31 | 8 21 21 31 31 Average Rating 17 | 6 11 21 27 25 On Entrance 16 | . 7 21 21 31 Avg Prop Armor Cover (%) . | . . . . . Naked Turns . | . . . . . Heaviest Build 40 | 15 32 32 40 40 Greatest Support 40 | 40 40 40 40 40 Greatest Overweight (x) 12 | . . . . 12 Average Overweight (x) . | . . . . . Largest Inventory Capacity 15 | 8 15 15 15 15 Average Capacity 13 | 7 12 15 15 14 Most Carried 15 | 8 15 15 15 15 Average Carried 12 | 5 12 14 14 12 Final Capacity 15 | 8 15 15 15 5 Final Carried 15 | 8 15 15 15 3 Class Distribution -------------------- 62% | Mutant 37% | Gunner Dominant Class ---------------- Mutant | -10/Materials Mutant | -10/Mines Gunner | -9/Materials Gunner | -9/Storage Resources | -11 -10 -10 -9 -9 ----------- Run | Yrd Mat Min Mat Sto Matter Collected 1060 | 350 380 45 186 99 Remotely . | . . . . . Salvage Created 1819 | 123 556 25 738 377 Parts 118 | 10 46 3 37 22 Haulers Intercepted 3 | . 1 . 2 . Recyclers Shooed 4 | 1 2 . . 1 Parts Field Recycled . | . . . . . Retrieved Matter . | . . . . . Parts Self-Destructed . | . . . . . Prevented . | . . . . . Parts Restored . | . . . . . Kills | -11 -10 -10 -9 -9 ------- Run | Yrd Mat Min Mat Sto Combat Hostiles Destroyed 29 | . 8 2 11 8 Guns 25 | . 6 2 10 7 AOE 2 | . 1 . . 1 Classes Destroyed 10 | 3 5 . 2 . Worker 3 | 2 1 . . . Builder 5 | . 5 . . . Tunneler 3 | 1 2 . . . Hauler 3 | . 1 . 2 . Recycler 4 | 1 2 . 1 . Operator 1 | . . . 1 . Watcher 3 | . 2 . 1 . Swarmer 6 | . 3 2 . 1 Grunt 12 | . 5 . 5 2 Sentry 11 | . . . 6 5 Best Kill Streak 5 | 2 5 2 5 3 Combat Bots Only 3 | . 3 2 3 3 Max Kills in Single Turn 2 | 2 2 1 1 1 Gunslinging . | . . . . . Exploded 1 | . 1 . . 1 Melee . | . . . . . Uniques/NPCs Destroyed . | . . . . . Combat | -11 -10 -10 -9 -9 -------- Run | Yrd Mat Min Mat Sto Hostile Shots Fired 333 | . 46 15 38 234 Missed 92 | . 6 7 10 69 Hits 241 | . 40 8 28 165 Projectile 241 | . 40 8 28 165 Critical Strikes 2 | . . . 1 1 Damage Taken 2307 | . 378 74 443 1412 Core 607 | . 115 40 72 380 Absorbed by Shields . | . . . . . Ignored by Resistances 137 | . 8 . 32 97 Core Remaining (%) 81 | 100 . 63 . . Volleys Fired 121 | 7 48 5 28 33 Largest 4 | 2 2 2 4 4 Hottest 224 | 70 70 70 224 224 Shots Fired 276 | 14 95 10 96 61 Gun 274 | 14 94 10 96 60 Cannon . | . . . . . Launcher 2 | . 1 . . 1 Special . | . . . . . Kinetic 115 | 7 47 5 37 19 Thermal 159 | 7 47 5 59 41 Explosive 2 | . 1 . . 1 Electromagnetic . | . . . . . Robot Hit Streak 11 | 9 11 3 10 8 Robot Miss Streak 5 | 1 3 3 5 2 Penetration Max . | . . . . . Secondary Targets 1 | . . . 1 . Max Gunslinging Chain 1 | . . . 1 . Shots Hit Robots 169 | 10 63 4 54 38 Core Hits 79 | 5 27 2 28 17 Critical Kills . | . . . . . Critical Parts Destroyed . | . . . . . Critical Strikes 8 | 1 2 . 2 3 Burn 8 | 1 2 . 2 3 Melee Attacks . | . . . . . Impact . | . . . . . Slashing . | . . . . . Piercing . | . . . . . Sneak Attacks . | . . . . . Combat Hostiles . | . . . . . Follow-up Attacks . | . . . . . Damage Inflicted 2667 | 140 977 50 796 704 Guns 2400 | 140 813 50 767 630 Cannons . | . . . . . Explosions 238 | . 164 . . 74 Melee . | . . . . . Ramming 29 | . . . 29 . Kinetic 1020 | 66 459 12 248 235 Thermal 1380 | 74 354 38 519 395 Explosive 238 | . 164 . . 74 Electromagnetic . | . . . . . Impact . | . . . . . Slashing . | . . . . . Piercing . | . . . . . Highest Corruption . | . . . . . Average Corruption . | . . . . . Corruption Purged . | . . . . . Corruption Blocked . | . . . . . Overload Shots . | . . . . . Overflow Damage . | . . . . . Projectiles . | . . . . . Explosions . | . . . . . Melee . | . . . . . Knockbacks 2 | . . . 2 . Impact 2 | . . . 2 . Kinetic . | . . . . . Secondary . | . . . . . Self-Inflicted Damage . | . . . . . Shots . | . . . . . Rammed 3 | . . . 3 . Targets Rammed 4 | . . . 4 . Kicked . | . . . . . Crushed 1 | . . . 1 . Highest Temperature 781 | 18 294 48 486 781 Average Temperature 151 | 8 67 23 141 368 Received Heat Transfer 645 | . 132 . 162 351 Effects 26 | . . . 4 22 Shutdowns 5 | . . . 1 4 Energy Bleed 5 | . . . 1 4 Interference 7 | . . . . 7 Matter Decay 1 | . . . 1 . Short Circuit 3 | . . . 1 2 Damage (minor) 1 | . . . . 1 Damage (major) 4 | . . . . 4 Siege Activations . | . . . . . Martial Activations . | . . . . . Shielding Activations . | . . . . . Robots Disrupted . | . . . . . Combat Hostiles . | . . . . . Robots Corrupted . | . . . . . Combat Hostiles . | . . . . . Parts Fried . | . . . . . Impact Corruptions . | . . . . . Robots Melted 1 | . 1 . . . Combat Hostiles 1 | . 1 . . . Parts Melted 3 | . 1 . 1 1 Heat Transferred 4009 | 296 1184 111 1332 1086 Parts Sabotaged . | . . . . . Parts Stolen . | . . . . . Parts Stripped . | . . . . . Power Chain Reactions . | . . . . . Alert | -11 -10 -10 -9 -9 ------- Run | Yrd Mat Min Mat Sto Maximum Alert Level . | . . . . . Low Security (%) 100 | 100 100 100 100 100 Level 1 . | . . . . . Level 2 . | . . . . . Level 3 . | . . . . . Level 4 . | . . . . . Level 5 . | . . . . . High Security . | . . . . . Max Security . | . . . . . Peak Influence 145 | 10 74 40 145 90 Initial 55 | . . 7 11 55 Average 36 | . 18 14 77 36 Influence Increases 941 | 20 261 50 379 231 Destroy 0b10 Robot/C 580 | . 160 40 220 160 Destroy 0b10 Robot/NC 110 | 20 65 . 25 . Destroy Leader 192 | . 26 10 96 60 Successful Hack 11 | . 5 . 6 . Disable Machine 15 | . . . 15 . Destroy Structure 18 | . 5 . 2 11 Lose Combat Pursuer 15 | . . . 15 . Influence Decreases 921 | 20 242 39 276 344 Entered New Map 109 | . . 12 19 78 Time Decay 666 | 20 242 27 237 140 Lost Part 146 | . . . 20 126 Squads Dispatched 7 | . 2 . 2 3 Investigation 2 | . 2 . . . Extermination . | . . . . . Reinforcement 5 | . . . 2 3 Assault . | . . . . . Garrison . | . . . . . Intercept . | . . . . . Searches Triggered . | . . . . . Construction Impeded . | . . . . . Haulers Reinforced . | . . . . . Active Scanning Responses . | . . . . . Cargo Convoy Interrupts . | . . . . . Stealth | -11 -10 -10 -9 -9 --------- Run | Yrd Mat Min Mat Sto Distress Signals 2 | . . . 1 1 Communications Jammed . | . . . . . Distress Signals . | . . . . . Times Spotted 53 | . 15 3 18 17 Peak Tracking Total 5 | . 4 2 4 5 Tactical Retreats 1 | . . . 1 . Traps | -11 -10 -10 -9 -9 ------- Run | Yrd Mat Min Mat Sto Traps Triggered 3 | . 2 . . 1 Indirectly . | . . . . . Trap Hack Attempts . | . . . . . Triggered . | . . . . . Disarmed . | . . . . . Reprogrammed . | . . . . . Reused . | . . . . . Traps Extracted . | . . . . . Installed . | . . . . . Triggered . | . . . . . Machines | -11 -10 -10 -9 -9 ---------- Run | Yrd Mat Min Mat Sto Machines Disabled 1 | . . . 1 . Max in Single Turn 1 | . . . 1 . Machines Repaired . | . . . . . Machines Dismantled . | . . . . . Machines Sabotaged . | . . . . . Overloaded Fab Kills . | . . . . . Hacking | -11 -10 -10 -9 -9 --------- Run | Yrd Mat Min Mat Sto Machines Accessed 5 | . 3 . 1 1 Terminals 5 | . 3 . 1 1 Fabricators . | . . . . . Repair Stations . | . . . . . Recycling Units . | . . . . . Scanalyzers . | . . . . . Garrison Access . | . . . . . Total Hacks 11 | . 6 . 2 3 Successful 4 | . 2 . 1 1 Failed 7 | . 4 . 1 2 Catastrophic 2 | . 1 . . 1 Database Lockouts . | . . . . . Manual 7 | . 4 . 2 1 Terminals 11 | . 6 . 2 3 Fabricators . | . . . . . Repair Stations . | . . . . . Recycling Units . | . . . . . Scanalyzers . | . . . . . Garrison Access . | . . . . . Terminal Hacks 4 | . 2 . 1 1 Robot Analysis 1 | . . . 1 . Prototype ID Bank 1 | . 1 . . . Emergency Access Points 1 | . . . . 1 Recall Investigation 1 | . 1 . . . Fabricator Hacks . | . . . . . Repair Station Hacks . | . . . . . Recycling Unit Hacks . | . . . . . Scanalyzer . | . . . . . Garrison Access Hacks . | . . . . . Unauthorized Hacks . | . . . . . Terminals . | . . . . . Fabricators . | . . . . . Repair Stations . | . . . . . Recycling Units . | . . . . . Scanalyzers . | . . . . . Garrison Access . | . . . . . Data Cores Recovered . | . . . . . Used . | . . . . . Hacking Detections 4 | . 3 . 1 . Full Trace Events . | . . . . . Feedback Events . | . . . . . Feedback Blocked . | . . . . . Robot Schematics Acquired . | . . . . . Robots Built . | . . . . . Authchips . | . . . . . Time . | . . . . . Total Robot Build Rating . | . . . . . Part Schematics Acquired . | . . . . . Parts Built . | . . . . . Authchips . | . . . . . Time . | . . . . . Total Part Build Rating . | . . . . . Part Studies Acquired . | . . . . . Parts Repaired . | . . . . . Time . | . . . . . Parts Recycled . | . . . . . Recycled Matter . | . . . . . Retrieved Matter . | . . . . . Retrieved Components . | . . . . . Parts Scanalyzed . | . . . . . Part Schematics Acquired . | . . . . . Parts Damaged . | . . . . . Bothacking | -11 -10 -10 -9 -9 ------------ Run | Yrd Mat Min Mat Sto Used RIF Installer . | . . . . . Robots Hacked . | . . . . . Non-combat . | . . . . . Combat . | . . . . . Robot Hacks Applied . | . . . . . Relay Couplers Released . | . . . . . Fabnet Peak Effective % . | . . . . . Robots Rewired . | . . . . . Allies Hacked . | . . . . . Hacks Repelled . | . . . . . Allies | -11 -10 -10 -9 -9 -------- Run | Yrd Mat Min Mat Sto Total Allies . | . . . . . Largest Group . | . . . . . Highest-Rated Group . | . . . . . Highest-Rated Ally . | . . . . . Total Orders . | . . . . . Ally Attacks . | . . . . . Total Damage . | . . . . . Kills . | . . . . . Allies Corrupted . | . . . . . Allies Melted . | . . . . . X0-1V1 Amusement Gains 119 | . 17 . 15 87 Average Entertainment 21 | . 15 9 20 32 Good Acts 6 | . 2 1 2 1 Bad Acts 8 | . 1 . 4 3 Intel | -11 -10 -10 -9 -9 ------- Run | Yrd Mat Min Mat Sto Active Infowar (turns) 755 | 92 663 . . . Structural 322 | . 322 . . . Seismic 433 | 92 341 . . . Robot Analysis Total 1 | . . . 1 . Derelict Logs Recovered . | . . . . . Drone Launches . | . . . . . Drone Recoveries . | . . . . . Exploration | -11 -10 -10 -9 -9 ------------- Run | Yrd Mat Min Mat Sto Turns Passed 1998 | 176 873 60 537 352 Spaces Moved 930 | 87 436 28 243 136 Core 15 | 7 . . . 8 Treads 915 | 80 436 28 243 128 Legs . | . . . . . Wheels . | . . . . . Hover . | . . . . . Flight . | . . . . . Fastest Speed 50 | 50 160 160 160 160 Average Speed 162 | 151 160 160 160 179 Slowest Speed 650 | 160 160 160 160 650 Overloaded Moves . | . . . . . Propulsion Burnouts . | . . . . . Robots Hopped . | . . . . . Potential Cave-ins . | . . . . . Cave-ins Triggered . | . . . . . Exploration Rate (%) 26 | 7 59 10 25 31 Regions Visited 4 Branch Regions 2 Pre-discovered Areas . | . . . . . Known Exits Taken . | . . . . . Unknown Exits Taken 4 | 1 1 1 1 . Scrap Searched . | . . . . . Spaces Dug . | . . . . . Terrain Destroyed 14 | . 5 . . 9 Melee . | . . . . . Projectile . | . . . . . AOE 14 | . 5 . . 9 Terrain Rammed . | . . . . . Walls Destroyed . | . . . . . Machines Disabled . | . . . . . Actions | -11 -10 -10 -9 -9 --------- Run | Yrd Mat Min Mat Sto Total 1202 | 116 525 34 331 196 Wait 47 | . 7 . 25 15 Move 926 | 86 435 27 242 136 Hop . | . . . . . Pick Up 38 | 12 15 1 9 1 Fast Attach 13 | 7 2 . 3 1 Attach 9 | . . . 3 6 Detach 3 | . 2 . 1 . Swap 9 | . 5 . 4 . Drop 32 | 4 11 1 12 4 Fire 121 | 7 48 5 28 33 Melee . | . . . . . Ram . | . . . . . Kick . | . . . . . Crush 4 | . . . 4 . Escape Stasis . | . . . . . Rewire . | . . . . . Trap . | . . . . . Miscellaneous . | . . . . . Route ------- -11/Scrapyard -10/Materials (discovered 4 exits: *Mat / [*Min x2] / [Sub]) -10/Mines -9/Materials (discovered 2 exits: [*Mat] / *Sto) -9/Storage (discovered 1 exit: [*Mat]) History --------- Turn | Location | Event 39 | -11/Scrapyard | Discovered new exit (range 15) 177 | -11/Scrapyard | Entered Materials 300 | -10/Materials | Build established: Mutant 401 | -10/Materials | Discovered new exit (range 16) 803 | -10/Materials | Discovered new exit (range 8) 826 | -10/Materials | Prayed at D.C.S.S. Altar Unit 860 | -10/Materials | Discovered new exit (range 9) 939 | -10/Materials | TH resistance permanently improved by X0-1V1 (+10%; -100 max core) 1029 | -10/Materials | X0-1V1 sent hostile G-34 Mercenary (x4) 1035 | -10/Materials | X0-1V1 whisked you away to safety 1041 | -10/Materials | Discovered new exit (range 7) 1050 | -10/Materials | Entered Mines 1090 | -10/Mines | Met a Derelict bent on vengeance 1104 | -10/Mines | Discovered new exit (range 3) 1110 | -10/Mines | Entered Materials 1110 | -9/Materials | Evolved 2 slots: Weapon x2 1259 | -9/Materials | Discovered new exit (range 5) 1397 | -9/Materials | Build established: Gunner 1568 | -9/Materials | X0-1V1 announced a LAN party 1621 | -9/Materials | Discovered new exit (range 14) 1647 | -9/Materials | Entered Storage 1747 | -9/Storage | X0-1V1 announced a LAN party 1810 | -9/Storage | X0-1V1 upgraded hostiles (x1) 1832 | -9/Storage | Core integrity fell below 50% 1851 | -9/Storage | Core integrity fell below 20% 1857 | -9/Storage | X0-1V1 rescued you from certain death 1881 | -9/Storage | Lost 8 parts (1p2n5w) 1977 | -9/Storage | Discovered new exit (range 13) 1999 | -9/Storage | Destroyed by S-10 Pest with Light Assault Rifle Last Messages --------------- 01978_ R-06 Scavenger collects Sml. Laser. 01980_ Lgt. Treads destroyed. 01981_ Dropped Lgt. Treads. 01982_ O-16 Technician: "IFF HANDSHAKE FAILED. SECURING TERMINAL." 01984_ Imp. Ion Engine destroyed. 01988_ O-16 Technician uses terminal to summon reinforcements. 01988_ ALERT: Hostiles spotted, dispatching reinforcements to Terminal S005. 01988_ O-16 Technician locks terminal. 01994_ ALERT: Hostiles spotted, dispatching reinforcements to Terminal S009. 01994_ X0-1V1 is amused. 01996_ Lgt. Treads destroyed. 01997_ R-06 Scavenger collects Lgt. Treads. 01997_ Lrg. Storage Unit destroyed. 01998_ Dropped Lgt. Treads. 01998_ Dropped Imp. Ion Engine. 01999_ X0-1V1 giggles madly! Map ----- +----------------------------------------------------+ | ?????????????????????????????????????? | | ?????????????????????????????????????? | | ?????????????????????????????????????? | | ?????????????????????????????????????? | | ?????????????????????????????????????? | | ?????????????????????????????????????? | | ?????????????????????????????????????? | | ?????????????????????????????????????? | | ?????????????????????????????????????? | | ?????????????????????????????????????? | | ?????????????????????????????????????? | | ?????????????????????????????????????? | | ?????????????????????????????????????? | | ??????????????????#+#####????????????? | | ?????????????????? !!!#????????????? | | ?????????????????? !!!#????????????? | | ?????????????????? = !!!#????????????? | | ?????????????#? ? #????????????? | | ????????????? / """ " #????????????? | | ??????????????# """ T #????????????? | | ??????????????? """ " ?????????????? | | #+#####?????????? ????####???????? | | #?????????###+###???"""#???????? | | " """ ########### o ####"Y"####????? | | " """ # s ! #????? | | " """ / r T !@= < #????? | | # "% o ss * #????? | | ###+#+##### ###########????? | | !## %%% #######??????????????? | | ## #????????????????????? | | ####### #????????????????????? | | ??????## !! #????????????????????? | | ???????# "" *! #????????????????????? | | ???????# "T ! #????????????????????? | | ???????#^"" #????????????????????? | | ???????# #????????????????????? | | ???????##########????????????????????? | | | | | | | | | | | | | | | | | | | | | | | | | | | +----------------------------------------------------+ Best States ------------- Heat Dissipation 28 Energy Generation 12 Energy Capacity 1265 Matter Stores 300 Matter Capacity 300 Sight Range 16 Terrain Scan Density 10 Resistance: TH 10 Evasion (%) 40 Recoil Reduction 2 Item Schematics ----------------- None Robot Schematics ------------------ None Fabricated ------------ Nothing Repaired ---------- Nothing Studied --------- None Alien Tech Used ----------------- None Achievements -------------- Chaos Is Inevitable Challenges ------------ None Game ------ Seed RiotSmartObfuscator Manual? 0 Play Time 00:28:40 Cumulative 61.8 hours Start 2026.08.26 @ 02:02:17 End 2026.08.26 @ 20:48:45 Sessions 2 Manual Loads 0 Difficulty Rogue Special Mode None Game No. 112 Rogue 112 Adventurer 0 Explorer 0 Win Type - Total 1 Types 1/0/0/0/0/0/0/0/0/0 Lore% 37 Gallery% 37 Achievement% 29 Wizard Run 0 Options --------- Layout 1 ASCII 1 Keyboard 1 Movement Numpad Keybinds 0 Fullscreen 2 Font 24/Smallcaps Map View 50x35 Zoom Use 0% Tactical HUD 1 Map Filters NONE Filters NONE Steam 1 RUN: 9475c465-3a75-406f-97d8-def9f8edf85d